 Dungeon Crawl Stone Soup version 0.18-a0-1211-g828307d (webtiles) character file.

80 ololoev the Magician (level 4, -2/24 HPs)
             Began as a Deep Elf Fire Elementalist on Feb 2, 2016.
             Slain by a big kobold (7 damage)
             ... on level 4 of the Dungeon.
             The game lasted 00:02:47 (449 turns).

ololoev the Magician (Deep Elf Fire Elementalist)    Turns: 449, Time: 00:02:47

Health: -2/24      AC:  2    Str:  5    XL:     4   Next: 18%
Magic:  7/12       EV: 13    Int: 21    God:
Gold:   28         SH:  0    Dex: 15    Spells: 2 memorised, 7 levels left

rFire  . . .     SeeInvis .     (no weapon)
rCold  . . .     Gourm    .     a - +0 robe
rNeg   . . .     Faith    .     (no shield)
rPois  .         Spirit   .     (no helmet)
rElec  .         Dismiss  .     (no cloak)
rCorr  .         Reflect  .     (no gloves)
SustAt .         Harm     .     (no boots)
MR     .....                    (no amulet)
Stlth  ++........               (no ring)
                                (no ring)

@: not resistant to hostile enchantments, unstealthy
A: no striking features
a: no special abilities

Inventory:

Armour
 a - a +0 robe (worn)
Scrolls
 f - a scroll of immolation {unknown}
 i - a scroll of enchant armour {unknown}
 k - a scroll of identify {unknown}
Potions
 d - a potion of flight
 e - a potion of poison {unknown}
Books
 b - a book of Flames

   Spells                             Type                      Level
   a - Flame Tongue                   Conjuration/Fire             1
   b - Throw Flame                    Conjuration/Fire             2
   c - Conjure Flame                  Conjuration/Fire             3
   d - Inner Flame                    Hexes/Fire                   3
   e - Sticky Flame                   Conjuration/Fire             4
   f - Fireball                       Conjuration/Fire             5
Comestibles
 c - a bread ration
 j - a chunk of flesh


   Skills:
 - Level 2.4 Dodging
 - Level 2.4 Stealth
 + Level 4.0 Spellcasting
 * Level 3.3 Conjurations
 + Level 3.8 Fire Magic


You had 7 spell levels left.
You knew the following spells:

 Your Spells              Type           Power        Failure   Level  Hunger
a - Flame Tongue          Conj/Fire      ###..        2%          1    None
b - Conjure Flame         Conj/Fire      ###.....     10%         3    ###....


You were on level 4 of the Dungeon.
You were not hungry.

You visited 1 branch of the dungeon, and saw 4 of its levels.

You collected 28 gold pieces.

#####. ######
#..... ....##
#..... ....#####
#..... .......
#..... #..#.##
.#.....#####.....##
.......K(.........#
...###@.#####...##
#..# ##.## #..# #.#
.#.######.#
.##.##....'##
########++#...##
#.....)...#....##
≈##........#.....##
≈≈##.......#......#

Notes
Turn   | Place    | Note
--------------------------------------------------------------
     0 | D:1      | ololoev the Deep Elf Fire Elementalist began the quest for the Orb.
     0 | D:1      | Reached XP level 1. HP: 10/10 MP: 6/6
   219 | D:2      | Reached XP level 2. HP: 15/15 MP: 5/8
   351 | D:4      | Reached XP level 3. HP: 2/19 MP: 7/10
   356 | D:4      | Learned a level 3 spell: Conjure Flame
   371 | D:4      | Reached XP level 4. HP: 3/24 MP: 3/11
   442 | D:4      | Reached skill level 4 in Spellcasting
   444 | D:4      | Noticed a big kobold
   449 | D:4      | Slain by a big kobold

Dungeon Overview and Level Annotations

Branches:
Dungeon (4/15)
 Temple: D:4-7

Altars:


Message History

Aiming: Flame Tongue
Press: ? - help, Shift-Dir - straight line, f - giant cockroach
Aim: a giant cockroach (clinging)
The flame tongue hits the giant cockroach.
You kill the giant cockroach!
Your Spellcasting skill increases to level 4!
A big kobold comes into view.
The big kobold throws a stone.
The stone hits you.
You see here a stone.
Casting: Flame Tongue
Confirm with . or Enter, or press ? or * to list all spells.
Aiming: Flame Tongue
Press: ? - help, Shift-Dir - straight line, f - big kobold
Aim: a big kobold The flame tongue misses the big kobold.
Casting: Flame Tongue
Confirm with . or Enter, or press ? or * to list all spells.
Aiming: Flame Tongue
Press: ? - help, Shift-Dir - straight line, f/p - big kobold
Aim: a big kobold The flame tongue hits the big kobold.
The big kobold is moderately wounded.
Casting: Flame Tongue
Confirm with . or Enter, or press ? or * to list all spells.
Aiming: Flame Tongue
Press: ? - help, Shift-Dir - straight line, f/p - big kobold
Aim: a big kobold (moderately wounded)
The flame tongue hits the big kobold.
The big kobold is heavily wounded.
The big kobold barely misses you.
Your magical contamination has completely faded away.
Casting: Flame Tongue
Confirm with . or Enter, or press ? or * to list all spells.
Aiming: Flame Tongue
Press: ? - help, Shift-Dir - straight line, f/p - big kobold
Aim: a big kobold (heavily wounded)
The flame tongue hits the big kobold.
The big kobold is almost dead.
The big kobold hits you!
You die...

You could see a big kobold.

Vanquished Creatures
  An orc priest (D:4)
  An iguana (D:4)
  2 adders (D:2)
  A giant gecko (D:1)
  A bat (D:3)
  A giant cockroach (D:4)
  2 hobgoblins (D:2)
  2 kobolds (D:1)
11 creatures vanquished.

Action                   |  1- 3 |  4- 6 || total
-------------------------+-------+-------++-------
 Cast: Flame Tongue      |    15 |     6 ||    21
       Conjure Flame     |     1 |       ||     1
  Use: Potion            |     4 |       ||     4

Vault maps used:
D:1:      minmay_arrival_stone_box
D:2:      uniq_sigmund
D:3:      lemuel_zombie_altar_kikubaaqudgha, minmay_fountain_box,
          minmay_misc_feat_columns, minmay_door_square, serial_bayou_lagoon_a,
          lightli_corner_chamber
D:4:      gammafunk_temple_overflow_elements, first_bread,
          kennysheep_opposing_triangles
